Map: Cradle of Death

Players

Delitant

  • Race: Terran Terran
  • Spawn Location: 0:00

NamroodTuo

  • Race: Zerg Zerg

VOD

Have the link to the VOD?

Description

Time

  • Played on: Dec. 29, 2022, 2:06 p.m.
  • Length: 27:57
Show
View Real Time Build Order
Export as new Build Order

Delitant Terran 

Build Orders:  

Get SALT Encoding   

  12  0:05  SCV  
  13  0:11  Unknown  
  13  0:23  Supply Depot  
  13  0:59  Refinery  
  13  1:00  SCV  
  14  1:17  SCV  
  15  1:28  Refinery  
  15  1:34  SCV  
  15  1:39  Supply Depot  
  16  1:51  SCV  
  17  2:08  SCV  
  18  2:11  Supply Depot  
  18  2:24  SCV  
  19  2:41  SCV  
  19  2:43  Supply Depot  
  20  2:51  Barracks  
  20  2:58  SCV  
  21  3:15  SCV  
  21  3:16  Supply Depot  
  22  3:27  Engineering Bay  
  22  3:32  SCV  
  23  3:48  Supply Depot  
  23  3:49  SCV  
  24  3:53  Barracks Tech Lab  
  24  4:06  SCV  
  25  4:24  Supply Depot  
  25  4:31  SCV  
  26  4:48  SCV  
  27  5:05  SCV  
  28  5:21  SCV  
  29  6:06  Neosteel Frame  
  29  7:02  Marine  
  30  7:14  Marine  
  30  7:19  Bunker  
  31  7:27  Marine  
  32  7:39  Marine  
  32  7:41  Bunker, Factory  
  33  7:52  Marine  
  33  7:56  Terran Infantry Weapons Level 1  
  34  8:25  Bunker  
  34  8:29  Marine  
  35  8:30  Unknown  
  35  8:41  Marine  
  35  8:47  Factory Tech Lab, Factory  
  36  8:54  Marine  
  37  9:06  Marine  
  37  9:09  Bunker  
  38  9:19  Marine  
  39  9:31  Marine  
  40  9:42  Siege Tank  
  40  9:43  Marine  
  44  9:51  Starport  
  44  9:56  Marine  
  45  10:04  Siege Tank  
  48  10:26  Siege Tank  
  51  10:36  Terran Infantry Armor Level 1  
  51  10:37  Factory Reactor  
  51  10:44  Starport Tech Lab  
  51  10:45  Starport  
  51  10:49  Siege Tank  
  54  11:09  Barracks  
  54  11:11  Siege Tank  
  57  11:34  Siege Tank  
  60  11:56  Siege Tank  
  63  13:16  Structure Armor  
  63  13:44  Barracks Tech Lab  
  63  13:48  Starport Reactor  
  63  13:53  Viking  
  65  14:14  Viking  
  67  14:29  Supply Depot  
  67  14:31  Unknown  
  67  14:34  Viking  
  69  14:55  Viking  
  71  15:01  Supply Depot  
  71  15:12  Marine  
  71  15:16  Viking  
  74  15:21  Marine  
  74  15:25  Marine  
  76  15:33  Supply Depot  
  76  15:34  Marine  
  76  15:37  Marine  
  78  15:46  Marine  
  79  15:50  Marine  
  79  15:58  Marine  
  81  16:02  Marine  
  82  16:11  Marine  
  82  16:16  Siege Tank  
  86  16:27  Supply Depot  
  86  16:32  Viking x2  
  86  16:38  Siege Tank  
  93  16:53  Viking  
  93  16:57  Viking, Banshee  
  100  17:00  Siege Tank  
  103  18:21  Viking  
  103  19:13  Siege Tank  
  103  19:39  Viking  
  103  19:41  Banshee  
  103  19:43  Viking  
  101  20:00  Viking  
  103  20:12  Banshee  
  102  20:29  Supply Depot  
  102  20:58  Siege Tank  
  102  20:59  Banshee  
  108  21:01  Supply Depot  
  108  21:21  Siege Tank  
  111  21:31  Banshee  
  114  21:43  Siege Tank  
  117  21:52  Supply Depot  
  117  22:22  Siege Tank  
  120  22:44  Siege Tank  
  120  22:47  Siege Tank x7  
  120  22:48  Unknown  
  117  23:32  Siege Tank  
  117  23:36  Vulture  
  117  23:37  Vulture  
  124  23:40  Viking  
  126  24:03  Supply Depot  
  126  24:10  Supply Depot  
  126  24:26  Vulture x2  
  126  24:29  Siege Tank  
  127  24:32  Viking  
  127  24:33  Viking, Banshee  
  122  24:51  Siege Tank  
  122  24:53  Viking  
  122  24:54  Viking  
  129  25:03  Banshee  
  132  25:13  Siege Tank  
  132  25:14  Viking  
  137  25:33  Banshee  
  137  25:36  Siege Tank  
  140  25:55  Unknown  
  140  26:03  Banshee  
  140  26:07  Supply Depot  
Show
View Real Time Build Order
Export as new Build Order

NamroodTuo Zerg 

Build Orders:  

Get SALT Encoding   

  12  0:03  Infested SCV  
  13  0:13  Unknown  
  13  0:19  Overlord  
  13  0:26  Infested SCV  
  14  0:37  Infested SCV  
  15  1:02  Infested Barracks  
  15  1:07  Infested SCV  
  15  1:09  Infested SCV  
  17  1:11  Infested SCV  
  18  1:30  Infested SCV  
  18  1:39  Infested SCV  
  20  1:54  Overlord  
  20  2:04  Infested Marine  
  21  2:18  Infested SCV  
  22  2:20  Infested Marine  
  22  2:21  Infested Marine  
  22  2:22  Infested Marine  
  22  2:27  Infested SCV  
  26  2:32  Infested Refinery  
  26  2:36  Infested Refinery  
  26  2:45  Infested Engineering Bay  
  26  2:48  Infested SCV  
  27  3:04  Infested Bunker  
  31  3:11  Overlord  
  31  3:16  Infestation Level 1  
  31  3:28  Infested Barracks Tech Lab  
  31  3:37  Infested SCV  
  31  3:38  Infested SCV  
  32  3:46  Infested SCV  
  33  3:59  Regenerative Plating  
  30  4:02  Infested SCV  
  31  4:47  Infested SCV x2  
  33  4:55  Plagued Munitions  
  33  5:14  Infested Barracks  
  37  5:20  Infested Bunker  
  37  6:25  Retinal Augmentation  
  37  6:34  Infested Marine  
  37  6:35  Infested Marine  
  39  7:14  Infestation Level 2  
  39  7:21  Stukov Infantry Weapons Level 1  
  38  7:32  Infested Barracks  
  38  7:36  Infested Marine  
  38  7:39  Overlord x5  
  39  8:13  Infested SCV  
  39  8:14  Infested SCV  
  40  8:28  Unknown  
  40  8:39  Infested Factory  
  40  8:52  Infested SCV x2  
  42  9:01  Infested Bunker  
  46  9:14  Broodling Gestation  
  46  9:15  Unknown  
  46  9:17  Infested Missile Turret  
  45  9:44  Infested Armory  
  45  9:45  Infested Missile Turret  
  45  9:49  Infested Missile Turret  
  45  9:51  Infested Marine x9  
  45  9:52  Infested Marine x4  
  58  10:01  Stukov Infantry Armor Level 1  
  58  10:14  Infested Marine  
  58  10:15  Infested Marine x11, Infested Missile Turret  
  58  10:16  Infested Marine x2  
  58  10:18  Infested Missile Turret  
  69  10:44  Anaerobic Enhancement  
  59  10:52  Infested Marine x2  
  59  10:53  Infested Marine x10  
  59  10:54  Infested Marine x3  
  73  11:28  Infested Marine  
  73  11:29  Infested Marine x5  
  79  11:35  Overlord x3  
  79  11:36  Overlord x2  
  62  12:19  Infested Bunker  
  59  12:41  Calcified Armor  
  59  13:06  Infestation Level 3  
  59  13:09  Infested Bunker  
  53  13:41  Stukov Infantry Weapons Level 2  
  53  14:14  Infested Marine  
  53  14:15  Infested Marine x16  
  53  14:17  Infested Marine x4  
  53  14:18  Infested Marine  
  75  14:33  Unknown  
  75  14:49  Infested Marine  
  76  14:50  Infested Marine x16, Infested Command Center  
  76  14:51  Infested Marine x11  
  81  16:14  Infested Marine  
  81  16:15  Infested Marine x21  
  75  16:51  Stukov Infantry Armor Level 2  
  75  16:52  Infested Refinery  
  75  16:55  Infested Refinery  
  75  16:56  Infested Bunker  
  75  16:58  Infested Bunker  
  83  17:36  Infested SCV x3  
  83  17:37  Infested SCV x2  
  88  17:43  Overlord x4  
  87  17:54  Infested Missile Turret  
  87  17:59  Infested SCV  
  67  18:26  Infested Marine x2  
  67  18:27  Infested Marine x5  
  72  19:48  Infested Marine  
  72  19:49  Infested Marine x23  
  95  19:50  Infested Marine x23  
  95  19:51  Infested Marine x13  
  131  20:00  Stukov Infantry Weapons Level 3  
  126  20:31  Stukov Vehicle and Ship Weapons Level 1  
  67  22:50  Unknown  
  67  22:52  Infested Marine  
  67  22:53  Infested Marine x12  
  67  22:54  Infested Marine x25  
  67  22:55  Infested Marine x22  
  127  23:11  Stukov Vehicle and Ship Armor Level 1  
  127  23:27  Infested SCV  
  127  23:28  Infested SCV x4  
  132  23:40  Stukov Infantry Armor Level 3  
  132  23:45  Infested SCV  
  73  25:03  Infested Marine x10  
  73  25:04  Infested Marine x23  
  73  25:05  Infested Marine x20  
  73  25:06  Infested Marine x7  
  130  25:51  Infested Marine  
  130  25:52  Infested Marine x19  
  130  25:53  Infested Marine x8  
  100  27:12  Infested SCV x5  
  105  27:27  Infested Bunker  
  82  27:34  Infested Bunker  
Tags
 
Commander
RaynorStukov
Matchup
Co-op
Replay Pack
Multiplayer
Add a new tag
Caveats
  • Supply blocks, unpowered buildings, or Contaminate may cause inaccurate times.
  • Supply counts are checked every 10 seconds.